 Dungeon Crawl Stone Soup version 0.31-a0-880-g9a209b2425 (webtiles) character file.

Game seed: 16667369294312713647

1806693 Gladio the Conqueror (level 27, 249/249 HPs)
             Began as a Merfolk Gladiator on Oct 14, 2023.
             Was the Champion of Qazlal.
             Escaped with the Orb
             ... and 3 runes on Oct 15, 2023!
             The game lasted 03:17:59 (58830 turns).

Gladio the Conqueror (Merfolk Gladiator)           Turns: 58830, Time: 03:18:00

Health: 249/249    AC: 28    Str: 14    XL:     27
Magic:  37/37      EV: 36    Int: 13    God:    Qazlal [******]
Gold:   4306       SH: 39    Dex: 29    Spells: 26/26 levels left

rFire   + + .        a - +9 demon blade (protect)
rCold   + + .        E - +6 tower shield {rPois}
rNeg    . . .        p - +9 ring mail of Ashenzari's Fury {Int+2}
rPois   +            X - +1 hat of Compression {rPois rC+ Regen+ Int+3}
rElec   +            b - +2 cloak {Will+}
rCorr   .            o - +2 pair of gloves
SInv    .            A - +2 pair of boots {rampage}
Will    +++..        P - amulet of faith
Stlth   +            m - ring "Sesohil" {rElec rPois rF+}
HPRegen 1.41/turn    W - ring of protection from fire
MPRegen 0.25/turn

%: repel missiles, rampage, faith
@: studying 2 skills
A: (nimble swimmer 2), mertail, cold resistance 1, inability to read after
injury 1, noise suppression
0: Orb of Zot
}: 3/15 runes: decaying, serpentine, silver
a: Renounce Religion, Upheaval, Elemental Force, Disaster Area


You escaped.
You worshipped Qazlal.
Qazlal was exalted by your worship.
You visited 9 branches of the dungeon, and saw 46 of its levels.
You also visited: Volcano and Wizlab.

You collected 6438 gold pieces.
You spent 2132 gold pieces at shops.

Inventory:

Hand Weapons
 a - a +9 demon blade of protection (weapon)
Missiles
 d - 7 throwing nets
 e - 10 javelins (quivered)
Armour
 b - a +2 cloak of willpower (worn)
 o - a +2 pair of gloves (worn)
 p - the +9 ring mail of Ashenzari's Fury (worn) {Int+2}
   (You found it on level 4 of the Depths)

   Int+2:     It affects your intelligence (+2).
 A - a +2 pair of boots of rampaging (worn)
 E - a +6 tower shield of poison resistance (worn)
 X - the +1 hat of Compression (worn) {rPois rC+ Regen+ Int+3}
   (You found it on level 1 of the Orcish Mines)

   Int+3:     It affects your intelligence (+3).
   rC+:       It protects you from cold.
   rPois:     It protects you from poison Regen+: It increases your rate of
   health regeneration.
Jewellery
 m - the ring "Sesohil" (left hand) {rElec rPois rF+}
   (You found it on level 2 of the Snake Pit)

   [ring of poison resistance]

   rF+:       It protects you from fire.
   rElec:     It insulates you from electricity.
   rPois:     It protects you from poison
 x - the ring "Uleask" {Ice rN+ Str+2}
   (You found it on level 4 of the Depths)

   [ring of ice]

   Ice:       It enhances your ice magic.
   Str+2:     It affects your strength (+2).
   rF-:       It makes you vulnerable to fire.
   rC+:       It protects you from cold.
   rN+:       It protects you from negative energy.
 C - a ring of positive energy
 G - a +4 ring of protection
 K - the amulet of Vitality {RegenMP++ Regen++}
   (You found it on level 5 of the Lair of Beasts)

   [amulet of magic regeneration]

   RegenMP:   It increases your rate of magic regeneration.
   Regen++:   It increases your rate of health regeneration.
 O - a ring of resist corrosion
 P - an amulet of faith (around neck)
 U - a +4 ring of protection
 W - a ring of protection from fire (right hand)
 Y - a +5 ring of evasion
Wands
 g - a wand of iceblast (59)
 k - a wand of digging (23)
 w - a wand of polymorph (39)
 y - a wand of flame (128)
 H - a wand of quicksilver (52)
 I - a wand of paralysis (92)
 N - a wand of mindburst (48)
Scrolls
 f - 11 scrolls of poison
 h - 4 scrolls of blinking
 l - 5 scrolls of silence
 q - 3 scrolls of revelation
 t - 6 scrolls of butterflies
 u - 6 scrolls of enchant weapon
 z - 11 scrolls of teleportation
 D - 10 scrolls of immolation
 F - 9 scrolls of fear
 L - 10 scrolls of fog
Potions
 c - 2 potions of ambrosia
 j - 3 potions of heal wounds
 n - 11 potions of might
 r - 3 potions of attraction
 s - a potion of invisibility
 v - 6 potions of haste
 B - 3 potions of magic
 J - 15 potions of curing
 M - 6 potions of resistance
 R - 7 potions of enlightenment
 S - 9 potions of berserk rage
 V - 4 potions of cancellation
Miscellaneous
 Q - a phantom mirror
 Z - a phial of floods


   Skills:
 O Level 27 Fighting
 - Level 16.0 Long Blades
 - Level 14.5 Throwing
 - Level 12.0 Armour
 O Level 27 Dodging
 + Level 20.2 Shields
 + Level 21.3 Invocations


You had 26 spell levels left.
You didn't know any spells.
Your spell library contained the following spells:

 Spells                   Type           Power      Damage    Failure   Level
 Foxfire                  Conj/Fire      0%         2x1d4     75%         1
 Freeze                   Ice            0%         1d3       75%         1
 Magic Dart               Conj           0%         1d3       75%         1
 Shock                    Conj/Air       0%         1d3       75%         1
 Blink                    Tloc           0%         N/A       86%         2
 Call Imp                 Summ           0%         N/A       86%         2
 Cigotuvi's Dreadful Rot  Necr/Pois/Air  0%         N/A       86%         2
 Ensorcelled Hibernation  Hex/Ice        0%         N/A       86%         2
 Jinxbite                 Hex            0%         N/A       86%         2
 Sublimation of Blood     Necr           0%         N/A       86%         2
 Wereblood                Tmut           0%         N/A       86%         2
 Frozen Ramparts          Ice            0%         1d1       98%         3
 Hailstorm                Conj/Ice       0%         3d3       98%         3
 Inner Flame              Hex/Fire       0%         N/A       98%         3
 Mephitic Cloud           Conj/Pois/Air  0%         N/A       98%         3
 Ozocubu's Armour         Ice            0%         N/A       98%         3
 Stone Arrow              Conj/Erth      0%         3d7       98%         3
 Swiftness                Air            0%         N/A       98%         3
 Volatile Blastmotes      Fire/Tloc      0%         2d10      98%         3
 Airstrike                Air            0%         2d(0-16)  100%        4
 Anguish                  Hex/Necr       0%         N/A       100%        4
 Animate Armour           Summ/Erth      0%         N/A       100%        4
 Dispel Undead            Necr           0%         3d6       100%        4
 Flame Wave               Conj/Fire      0%         2d4       100%        4
 Fulminant Prism          Conj/Hex       0%         3d5       100%        4
 Iskenderun's Mystic Bla  Conj/Tloc      0%         2d3       100%        4
 Leda's Liquefaction      Hex/Erth       0%         N/A       100%        4
 Manifold Assault         Tloc           0%         N/A       100%        4
 Olgreb's Toxic Radiance  Pois           0%         N/A       100%        4
 Passage of Golubria      Tloc           0%         N/A       100%        4
 Petrify                  Tmut/Erth      0%         N/A       100%        4
 Sticky Flame             Conj/Fire      0%         2d3       100%        4
 Summon Lightning Spire   Summ/Air       0%         N/A       100%        4
 Vhi's Electric Charge    Tloc/Air       0%         N/A       100%        4
 Arcjolt                  Conj/Air       0%         1d10      100%        5
 Irradiate                Conj/Tmut      0%         3d11      100%        5
 Iskenderun's Battlesphe  Conj           0%         2d6       100%        5
 Lee's Rapid Deconstruct  Erth           0%         3d4*      100%        5
 Metabolic Englaciation   Hex/Ice        0%         N/A       100%        5
 Summon Forest            Summ/Tloc      0%         N/A       100%        5
 Summon Mana Viper        Hex/Summ       0%         N/A       100%        5
 Yara's Violent Unravell  Hex/Tmut       0%         3d3       100%        5
 Bombard                  Conj/Erth      0%         9d1       100%        6
 Conjure Ball Lightning   Conj/Air       0%         3x3d6     100%        6
 Death Channel            Necr           0%         N/A       100%        6
 Eringya's Noxious Bog    Tmut/Pois      0%         4d6       100%        6
 Plasma Beam              Fire/Air       0%         2x1d10    100%        6
 Summon Cactus Giant      Summ           0%         N/A       100%        6
 Enfeeble                 Hex            0%         N/A       100%        7
 Malign Gateway           Summ/Tloc      0%         N/A       100%        7
 Ozocubu's Refrigeration  Ice            0%         4d7       100%        7
 Summon Hydra             Summ           0%         N/A       100%        7
 Discord                  Hex            0%         N/A       100%        8
 Disjunction              Tloc           0%         N/A       100%        8
 Ignition                 Fire           0%         3d3       100%        8
 Lehudib's Crystal Spear  Conj/Erth      0%         10d2      100%        8


Dungeon Overview and Level Annotations

Branches:
Dungeon (15/15)            Temple (0/1) D:6            Lair (5/5) D:9
  Swamp (4/4) Lair:3        Snake (4/4) Lair:3        Slime (0/5) Lair:4
    Orc (2/2) D:12            Elf (2/3) Orc:2        Vaults (5/5) D:13
  Crypt (0/3) Vaults:3     Depths (4/4) D:15            Zot (5/5) Depths:4
Volcano (visited)          WizLab (visited)

Altars:
Ashenzari
Cheibriados
Dithmenos
Fedhas
Kikubaaqudgha
Nemelex Xobeh
Qazlal
Sif Muna
Uskayaw
Vehumet
Wu Jian
Xom
Yredelemnul
Zin
The Shining One
Jiyva

Shops:
D:3 *   D:4 *(!*:   D:10 *   Orc:2 *([:   Elf:2 [   Snake:1 [   Snake:3 (!*
Vaults:3 [   Depths:1 *   Depths:3 [

Portals:
Hell: Depths:1 Depths:2 Depths:3 Depths:4
Abyss: Depths:1 Depths:3 Depths:4
Pandemonium: Depths:2
Ziggurat: Depths:3

Annotations:
Zot:1 1 runed translucent door, exclusion: door, Adaxemni's ghost, legendary GrFi
Zot:5 1 exclusion


Innate Abilities, Weirdness & Mutations

((You are very nimble when in or above water. (Stealth+, EV+, Speed+++)))
Your lower body shifts to a powerful aquatic tail in water.
Your flesh is cold resistant. (rC+)
You occasionally lose the ability to read scrolls when taking damage.
You passively dampen the noise of your surroundings.


Message History

You block the large abomination's attack.
You slice the large abomination!!
The large abomination is heavily damaged.
You slash the large abomination!
The large abomination is almost destroyed.
The large abomination completely misses you.
You hit the large abomination.
You destroy the large abomination!
Qazlal accepts your kill.
You block the large abomination's attack.
You slice the large abomination!!
The large abomination is moderately damaged.
You hit the large abomination.
The large abomination is heavily damaged.
You block the large abomination's attack.
You slash the large abomination!
The large abomination is severely damaged.
You hit the large abomination.
The large abomination is almost destroyed.
You block the large abomination's attack.
You hit the large abomination.
The large abomination is almost destroyed.
You slice the large abomination!!
You destroy the large abomination!
Qazlal accepts your kill.
No reachable target in view!
No reachable target in view!
No reachable target in view!
No reachable target in view!
No reachable target in view!
No reachable target in view!
No reachable target in view!
No reachable target in view!
No reachable target in view!
No reachable target in view!
No reachable target in view!
There is a staircase leading out of the dungeon here.
You can't go down here!
You can't go down here!
You have escaped!

# ####.#..#######...####### #
######.....#####..# #
##...#.)...#...#..# ### #
#######.8.#.....#.8.#..# ###..
####.....#...#.....#X..#.####.#.#
.....##..#####.....######.##....#
########..............)...X.....#
#......○..○.......##.....#
#........@.○......##.#.#..
##......§..°......##.#.#..
#.....○○.........##.#....
######.....#####....###..
##...#.....#...#.#### ##.
##.8.#.....#.8.#.### #†
##...#.....#...#...# #.
######.....#####...# #.
########.#.###.....# #.


You could see a large abomination.

Vanquished Creatures
  6 dread liches
  4 orbs of fire (Zot:4)
  4 ancient liches (Zot:4)
  Mara (Vaults:5)
  2 juggernauts (Depths:4)
  Josephina (Zot:3)
  Boris (Vaults:5)
  4 Killer Klowns
  Bai Suzhen (Snake:3)
  3 curse toes
  12 golden dragons
  Nikola (Snake:3)
  A Brimstone Fiend (Zot:5)
  5 electric golems
  16 tentacled monstrosities
  A walking crystal tome (Depths:4)
  A walking earthen tome (Depths:4)
  24 Orb Guardians
  4 liches
  A walking frostbound tome (Depths:3)
  Asterion (Depths:1)
  Zenata (Elf:1)
  18 quicksilver dragons
  A walking divine tome (Depths:2)
  10 titans
  An ancient champion (Depths:4)
  A quicksilver dragon (shapeshifter) (Vaults:4)
  3 tentacled starspawn (WizLab)
  An Executioner (D:1)
  Gastronok (D:9)
  12 death cobs
  13 sphinxes
  4 thorn hunters
  23 storm dragons
  10 shadow dragons
  12 tengu reavers
  An eldritch tentacle (WizLab)
  5 draconian knights
  Roxanne (Snake:2)
  Aizul (Snake:3)
  7 nagarajas
  6 fire giants
  13 draconian monks
  2 fenstrider witches (Swamp:3)
  2 daevas
  19 vault wardens
  2 deep elf sorcerers (Vaults:5)
  12 frost giants
  4 ghost moths
  A balrug (Depths:1)
  10 draconian shifters
  2 iron dragons
  12 draconian scorchers
  A juggernaut zombie (Depths:1)
  14 draconian annihilators
  A reaper (WizLab)
  10 very ugly things
  14 ironbound preservers
  3 spriggan defenders (Depths:4)
  3 formless jellyfish
  9 draconian stormcallers
  A war gargoyle (Vaults:5)
  An orc warlord (Orc:1)
  8 ironbound thunderhulks
  9 stone giants
  3 deep elf demonologists (Vaults:5)
  2 deep elf annihilators
  4 vampire knights
  17 eleionomae
  9 green draconians
  9 black draconians
  17 yellow draconians
  8 red draconians
  4 spark wasps
  2 bunyips (Swamp:3)
  7 dire elephants
  12 white draconians
  25 purple draconians
  4 crystal guardians (Depths:2)
  13 ettins
  An eidolon (WizLab)
  The ghost of Suppeor the Cleaver, a journeyman DsFi of Uskayaw (D:13)
  6 fire dragons
  A blizzard demon (D:1)
  2 deep elf death magi
  3 deep elf high priests (Vaults:5)
  3 jiangshi (Depths:1)
  12 ice dragons
  A quicksilver dragon skeleton (D:15)
  7 great orbs of eyes
  10 yaktaur captains
  2 shambling mangroves (Swamp:3)
  37 vault guards
  3 rakshasas
  A peacekeeper (Vaults:4)
  23 hydras
  2 ghost crabs
  9 ironbound frosthearts
  2 ogre magi (Vaults:5)
  2 catoblepae (D:13)
  5 spriggan air magi
  A spriggan skeleton (Depths:1)
  9 alligators
  13 anacondas
  2 salamander tyrants (Snake:4)
  An anaconda (shapeshifter) (Vaults:1)
  4 two-headed ogres
  17 centaur warriors
  7 tengu warriors
  4 boulder beetles
  A death knight (D:13)
  8 deep troll earth magi
  27 dancing weapons
  5 deep troll shamans
  A thrashing horror (WizLab)
  2 orc high priests (Orc:1)
  3 death yaks
  2 vampire magi
  21 naga warriors
  4 spriggan berserkers
  4 shock serpents
  14 hell knights
  A soul eater (WizLab)
  6 naga sharpshooters
  10 deep elf knights
  4 sun demons
  2 skysharks
  2 skeletal warriors (D:15)
  A fire crab (Lair:4)
  A shadow wraith (WizLab)
  3 sea snakes (Snake:3)
  10 iron trolls
  59 deep trolls
  8 goliath frogs
  A quicksilver dragon simulacrum (Zot:4)
  A death drake (Swamp:2)
  2 salamander mystics
  4 spriggan druids
  4 glowing orange brains
  A lindwurm (Vaults:1)
  2 flayed ghosts
  16 swamp dragons
  A bog body (Swamp:4)
  A swamp dragon (shapeshifter) (Vaults:5)
  5 deep elf archers
  22 deep elf pyromancers
  4 phantasmal warriors
  An obsidian statue (WizLab)
  6 orc knights
  6 wizards
  21 ironbound convokers
  6 naga ritualists
  10 necromancers
  27 deep elf zephyrmancers
  A manticore (shapeshifter) (Vaults:5)
  An oklob plant (Lair:4)
  5 orc sorcerers
  6 mana vipers
  A shadow dragon skeleton (D:15)
  5 cyclopes
  10 ugly things
  8 salamanders
  3 manticores
  22 moths of wrath
  10 will-o-the-wisps
  2 worldbinders (WizLab)
  31 black mambas
  3 elephants (Lair:4)
  14 naga magi
  Joseph (D:8)
  18 vault sentinels
  10 guardian serpents
  2 molten gargoyles (Volcano)
  5 gargoyles
  An orange demon (Zot:5)
  A rust devil (Depths:2)
  22 cane toads
  2 torpor snails (Lair:3)
  An unseen horror (shapeshifter) (Vaults:1)
  A storm dragon simulacrum (Zot:4)
  An unseen horror (D:10)
  A rime drake (shapeshifter) (Elf:1)
  7 rime drakes
  24 yaktaurs
  5 freezing wraiths
  4 kobold demonologists (D:13)
  15 komodo dragons
  4 efreet
  2 tengu conjurers
  A shadow dragon simulacrum (Zot:4)
  A hellwing (WizLab)
  2 red devils
  3 meliai (D:15)
  5 polar bears
  4 trolls
  14 hornets
  28 blink frogs
  8 tyrant leeches
  Prince Ribbit (D:7)
  A raiju (WizLab)
  A stone giant simulacrum (Depths:1)
  An ettin zombie (D:15)
  A draconian simulacrum (Zot:4)
  Sigmund (D:2)
  A shadow (D:11)
  3 air elementals
  14 spriggans
  9 slime creatures
  32 yaks
  4 water elementals
  3 wraiths
  2 fire elementals (Elf:1)
  A vampire (D:11)
  5 wyverns
  9 basilisks
  4 large abominations
  9 humans (D:7)
  2 fire bats (Volcano)
  3 steam dragons
  14 vampire mosquitoes
  42 nagas
  A glowing shapeshifter zombie (D:15)
  4 spatial vortices (WizLab)
  A warg (shapeshifter) (Vaults:5)
  Menkaure (D:4)
  4 wargs
  A redback (shapeshifter) (Vaults:5)
  An acid dragon (shapeshifter) (Vaults:5)
  11 swamp worms
  A hell hound (Volcano)
  2 acid dragons
  2 floating eyes
  25 water moccasins
  A moth of wrath simulacrum (Zot:4)
  15 swamp drakes
  43 orc warriors
  A sky beast (D:5)
  2 black bears
  5 ice beasts
  5 boggarts
  5 ogres
  37 wolves
  A human skeleton (WizLab)
  6 centaurs
  A phantom (D:4)
  11 kobold brigands
  19 bullfrogs
  A gnoll sergeant (D:11)
  5 scorpions
  8 earth elementals
  8 wights
  9 killer bees
  3 howler monkeys
  7 electric eels
  2 crimson imps
  5 lava snakes (Volcano)
  A small abomination (WizLab)
  4 hounds
  A gnoll bouda (D:6)
  2 jellies
  22 orc priests
  An iron imp (Orc:1)
  4 sleepcaps
  4 iguanas
  36 orc wizards
  A statue (D:10)
  Robin (D:3)
  6 gnolls
  11 adders
  2 shadow imps
  3 white imps
  3 ufetubi
  A worm (D:4)
  A dart slug (D:2)
  137 orcs
  10 endoplasms
  A giant cockroach (D:2)
  17 goblins
  3 hobgoblins
  3 jackals (D:7)
  12 kobolds
  3 quokkas
  6 ball pythons
  9 bats
  3 frilled lizards
  3 rats
  A lurking horror (WizLab)
  A spectral weapon (Depths:1)
  3 starspawn tentacles (WizLab)
2094 creatures vanquished.

Vanquished Creatures (collateral kills)
  Saint Roka (Snake:2)
  2 Orb Guardians (Zot:5)
  A quicksilver dragon (Zot:3)
  A purple draconian (Zot:3)
  2 naga sharpshooters (Snake:4)
  A moth of wrath (Zot:3)
  A salamander (Snake:4)
  A naga mage (Snake:4)
  An orc priest (Snake:2)
11 creatures vanquished.

Vanquished Creatures (others)
  A fire giant (Depths:2)
  2 draconian knights
  A draconian shifter (Zot:4)
  A ghost moth (Zot:4)
  A draconian annihilator (Zot:3)
  A green draconian (Zot:4)
  A naga warrior (Snake:4)
  2 deep elf knights
  A deep elf archer (Elf:1)
  2 phantasmal warriors (Vaults:5)
  2 black mambas (Snake:3)
  A guardian serpent (Snake:4)
  4 bloated husks
  A blink frog (Lair:4)
  An air elemental (Elf:1)
  A fire elemental (Elf:1)
  2 vampire mosquitoes (Swamp:1)
  A naga (Snake:3)
  A swamp worm (Swamp:3)
  A jackal (D:5)
  2 kobolds (D:11)
  71 foxfires
  9 starspawn tentacles (WizLab)
110 creatures vanquished.

Grand Total: 2215 creatures vanquished

Notes
Turn   | Place    | Note
-------+----------+-------------------------------------------
     0 | D:1      | Gladio the Merfolk Gladiator began the quest for the Orb.
     0 | D:1      | Reached XP level 1. HP: 16/16 MP: 1/1
    24 | D:1      | Found a faded altar of an unknown god.
   245 | D:1      | Reached XP level 2. HP: 22/23 MP: 2/2
   832 | D:2      | Reached XP level 3. HP: 28/28 MP: 3/3
  1312 | D:2      | Reached XP level 4. HP: 30/34 MP: 4/4
  1335 | D:2      | Noticed Sigmund
  1346 | D:2      | Killed Sigmund
  1347 | D:2      | Reached skill level 5 in Dodging
  1347 | D:2      | Reached XP level 5. HP: 36/42 MP: 5/5
  1347 | D:2      | Reached XP level 6. HP: 41/48 MP: 6/6
  1794 | D:3      | Found a sparkling altar of Nemelex Xobeh.
  1806 | D:3      | Found Fyurgh's General Store.
  1860 | D:3      | Found a blossoming altar of Fedhas.
  1866 | D:3      | Found a stormy altar of Qazlal.
  1869 | D:3      | Noticed Robin
  1913 | D:3      | Killed Robin
  1940 | D:3      | Became a worshipper of Qazlal Stormbringer
  2135 | D:3      | Found a broken altar of Ashenzari.
  2164 | D:3      | Found a snail-covered altar of Cheibriados.
  2479 | D:4      | Found Ipsyteacs's Book Boutique.
  2519 | D:4      | Found Segg's Distillery.
  2533 | D:4      | Found Mos Komo's Antique Weapon Shop.
  2589 | D:4      | Reached skill level 1 in Invocations
  2589 | D:4      | Reached XP level 7. HP: 55/55 MP: 7/7
  2774 | D:4      | Noticed Menkaure
  2775 | D:4      | Found Mataffaz's General Store.
  2783 | D:4      | Killed Menkaure
  3102 | D:4      | Found a transporter.
  3102 | D:4      | Found Oghob's General Store.
  3208 | D:4      | Found a transporter.
  3435 | D:3      | Bought a +2 pair of boots of rampaging for 279 gold pieces
  3472 | D:5      | Entered Level 5 of the Dungeon
  3664 | D:5      | Found a shimmering altar of Xom.
  3683 | D:5      | Reached skill level 5 in Fighting
  3683 | D:5      | Reached XP level 8. HP: 45/62 MP: 9/9
  3750 | D:5      | Reached * piety under Qazlal
  4079 | D:5      | Found a hide-covered altar of Uskayaw.
  4557 | D:6      | Reached XP level 9. HP: 59/69 MP: 12/12
  4619 | D:6      | Found a staircase to the Ecumenical Temple.
  4800 | D:6      | Identified the +0 robe of Brilliance {Dex+4}
  5244 | D:6      | Reached skill level 10 in Long Blades
  5289 | D:6      | Reached ** piety under Qazlal
  5655 | D:7      | Noticed Prince Ribbit
  5661 | D:7      | Found a glowing silver altar of Zin.
  5664 | D:7      | Killed Prince Ribbit
  5681 | D:7      | Reached skill level 1 in Armour
  5803 | D:7      | Reached skill level 5 in Invocations
  5835 | D:7      | Reached skill level 1 in Shields
  5861 | D:7      | Reached XP level 10. HP: 69/79 MP: 12/14
  6362 | D:7      | Noticed Pikel
  6365 | D:7      | Paralysed by Pikel for 5 turns
  6370 | D:7      | Pikel changed into Pikel the wolf
  6370 | D:7      | Noticed Pikel
  6377 | D:7      | Killed Pikel the wolf
  6821 | D:8      | Noticed Joseph
  6830 | D:8      | Killed Joseph
  6900 | D:8      | Found a shimmering blue altar of Sif Muna.
  7095 | D:8      | Reached XP level 11. HP: 86/86 MP: 15/15
  7188 | D:8      | Reached skill level 10 in Dodging
  7736 | D:9      | Noticed a cyan ugly thing
  7752 | D:9      | Killed a cyan ugly thing
  7786 | D:9      | Found a staircase to the Lair.
  7968 | D:9      | Noticed Gastronok
  7978 | D:9      | Killed Gastronok
  8444 | D:10     | Entered Level 10 of the Dungeon
  8662 | D:10     | Found a radiant altar of Vehumet.
  8812 | D:10     | Found Xuzobu's Assorted Antiques.
  8916 | D:10     | Reached *** piety under Qazlal
  9310 | Lair:1   | Entered Level 1 of the Lair of Beasts
  9369 | Lair:1   | Reached skill level 5 in Shields
  9378 | Lair:1   | Upgraded the game from 0.31-a0-876-gfe8ebadbca to
                  | 0.31-a0-880-g9a209b2425
  9615 | Lair:1   | Reached XP level 12. HP: 42/95 MP: 17/17
 10188 | Lair:1   | Reached **** piety under Qazlal
 10781 | Lair:2   | Reached skill level 5 in Armour
 11291 | Lair:3   | Found a staircase to the Swamp.
 11294 | Lair:3   | Noticed an eleionoma
 11313 | Lair:3   | Killed an eleionoma
 11314 | Lair:3   | Reached skill level 10 in Fighting
 11665 | Lair:3   | Reached XP level 13. HP: 80/104 MP: 19/19
 11920 | Lair:3   | Found a staircase to the Snake Pit.
 11947 | Lair:3   | Reached ***** piety under Qazlal
 12757 | Lair:4   | Found a dark tunnel.
 12767 | Volcano  | Entered a volcano
 13100 | Volcano  | Found a burning altar of Makhleb.
 13756 | Lair:4   | Found a staircase to the Slime Pits.
 13782 | Lair:4   | Found a viscous altar of Jiyva.
 13813 | Lair:4   | Reached skill level 10 in Invocations
 14904 | Lair:4   | Reached XP level 14. HP: 107/114 MP: 21/21
 15468 | Lair:5   | Entered Level 5 of the Lair of Beasts
 16534 | Lair:5   | Reached skill level 15 in Dodging
 16629 | Lair:5   | Reached skill level 5 in Throwing
 16670 | Lair:5   | Found the amulet of Vitality {RegenMP++ Regen++}
 16690 | Lair:5   | Identified the staff of Gallantry {rN+ rCorr Int+4 Necro}
 17303 | D:10     | Bought an ancient ring mail for 198 gold pieces
 17303 | D:10     | Identified the +3 ring mail of Impish Brilliance {Dex+3}
                  | (You bought it in a shop on level 10 of the Dungeon)
 17303 | D:10     | Bought a twisted robe for 125 gold pieces
 17303 | D:10     | Identified the +1 robe of the Desolation of Salt {Regen+
                  | Int+6} (You bought it in a shop on level 10 of the Dungeon)
 18477 | D:12     | Reached ****** piety under Qazlal
 18499 | D:12     | Found a staircase to the Orcish Mines.
 19035 | D:13     | Reached XP level 15. HP: 99/124 MP: 23/23
 19111 | D:13     | Paralysed by a centaur for 3 turns
 19371 | D:13     | Found a gate to the Vaults.
 19435 | D:13     | Found a runed translucent gate.
 19441 | D:13     | Found a runed translucent gate.
 19441 | D:13     | Found a runed translucent gate.
 19441 | D:13     | Noticed Suppeor's ghost (journeyman DsFi)
 19910 | D:13     | Killed Suppeor's ghost
 20117 | D:13     | Gained mutation: You are partially covered in iridescent
                  | scales. (AC +2) [potion of mutation]
 20117 | D:13     | Gained mutation: You have a pair of small horns on your
                  | head. [potion of mutation]
 20117 | D:13     | Gained mutation: You are strong-willed. (Will+) [potion of
                  | mutation]
 20117 | D:13     | Gained mutation: You are highly strong-willed. (Will++)
                  | [potion of mutation]
 20146 | D:14     | You are sucked into a shaft and drop 1 floor!
 20146 | D:15     | Entered Level 15 of the Dungeon
 20341 | D:15     | Found a staircase to the Depths.
 20832 | D:14     | Reached skill level 10 in Shields
 21790 | Orc:1    | Entered Level 1 of the Orcish Mines
 22339 | Orc:1    | Identified the +1 hat of Compression {rPois rC+ Regen+
                  | Int+3}
 22553 | Orc:2    | Entered Level 2 of the Orcish Mines
 22782 | Orc:2    | Noticed an orc warlord
 22888 | Orc:1    | Killed an orc warlord
 22909 | Orc:2    | Reached XP level 16. HP: 134/134 MP: 23/25
 23113 | Orc:2    | Found a staircase to the Elven Halls.
 23200 | Orc:2    | Found Werghongee's General Store.
 23345 | Orc:2    | Found Odapnaet's Antique Armour Boutique.
 23346 | Orc:2    | Found Xyijuma's Antique Weapon Shop.
 23539 | Orc:2    | Found Bipeeqeo's Book Shoppe.
 23601 | Orc:2    | Bought a dazzling great sword for 402 gold pieces
 23601 | Orc:2    | Identified the +8 great sword "Unateop" {flame, rC+ MP-9
                  | Dex+5} (You bought it in a shop on level 2 of the Orcish
                  | Mines)
 23661 | Orc:2    | Bought a scroll of identify for 28 gold pieces
 23661 | Orc:2    | Bought 2 potions of heal wounds for 140 gold pieces
 23661 | Orc:2    | Bought a scroll of identify for 28 gold pieces
 23899 | Snake:1  | Entered Level 1 of the Snake Pit
 23961 | Snake:1  | Reached skill level 15 in Fighting
 24252 | Snake:1  | Found Byazxena's Antique Armour Emporium.
 24451 | Snake:2  | Identified the ring "Sesohil" {rElec rPois rF+}
 24710 | Snake:2  | Noticed a nagaraja
 24725 | Snake:2  | Killed a nagaraja
 24751 | Snake:2  | Identified the +7 flail of Esal Rumn {venom, rC+ rN+ rCorr
                  | Str+3}
 24978 | Snake:2  | Noticed Roxanne
 25150 | Snake:2  | Noticed Saint Roka
 25162 | Snake:2  | Killed Saint Roka
 25484 | Snake:2  | Killed Roxanne
 25637 | Snake:3  | Identified the +0 leather armour of the Beastly God {Int+2}
 25684 | Snake:3  | Identified the +6 spear of the Queen {heavy, +Blink Str+5
                  | Dex+5}
 25696 | Snake:3  | Noticed Bai Suzhen
 25902 | Snake:3  | Killed Bai Suzhen
 25907 | Snake:3  | Reached XP level 17. HP: 144/144 MP: 11/26
 25986 | Snake:3  | Found Kecongan's Antique Weapon Boutique.
 25988 | Snake:3  | Found Foproll's Distillery.
 25990 | Snake:3  | Found Yrremakh's Assorted Antiques.
 25996 | Snake:3  | Bought a potion of resistance for 160 gold pieces
 25996 | Snake:3  | Bought a potion of haste for 160 gold pieces
 25996 | Snake:3  | Bought a potion of heal wounds for 80 gold pieces
 26049 | Snake:3  | Found a shadowy altar of Dithmenos.
 26068 | Snake:3  | Noticed Nikola
 26069 | Snake:3  | Noticed Aizul
 26080 | Snake:3  | Killed Aizul
 26090 | Snake:3  | Killed Nikola
 26474 | Snake:4  | Entered Level 4 of the Snake Pit
 26721 | Snake:4  | Identified the +3 leather armour "Obrer" {rC- Dex+5 Stlth+}
 27832 | Snake:4  | Got a serpentine rune of Zot
 27975 | Swamp:1  | Entered Level 1 of the Swamp
 28173 | Swamp:1  | Reached XP level 18. HP: 155/155 MP: 28/28
 28663 | Swamp:2  | Reached skill level 10 in Throwing
 30015 | Swamp:4  | Entered Level 4 of the Swamp
 30530 | Swamp:4  | Identified the +12 longbow "Yshoug" {antimagic, rN+ Dex+5}
 30556 | Swamp:4  | Reached XP level 19. HP: 164/164 MP: 29/29
 30945 | Swamp:4  | Got a decaying rune of Zot
 31183 | Vaults:1 | Entered Level 1 of the Vaults
 31551 | Vaults:1 | Found the +5 glaive of the Guard {elec, spectral}
 32273 | Vaults:1 | Reached skill level 15 in Invocations
 32562 | Vaults:1 | Identified the +8 spear "Neosi" {freeze, *Rage rElec Will+
                  | Str+3}
 33649 | Vaults:2 | Reached XP level 20. HP: 176/176 MP: 31/31
 34757 | Vaults:3 | You fall into a shaft and drop 1 floor!
 34906 | Vaults:4 | Found a magical portal.
 35002 | WizLab   | Entered The Roulette of Golubria
 35002 | WizLab   | Found a transporter.
 35005 | WizLab   | Found a corrupted altar of Lugonu.
 35066 | WizLab   | Found a transporter.
 35114 | WizLab   | Found a transporter.
 35171 | WizLab   | Found a transporter.
 35171 | WizLab   | Found a transporter.
 35191 | WizLab   | Found a corrupted altar of Lugonu.
 35193 | WizLab   | Found a transporter.
 35214 | WizLab   | Found a transporter.
 35246 | WizLab   | Found a transporter.
 35292 | WizLab   | Found a transporter.
 35373 | WizLab   | Found a transporter.
 35424 | WizLab   | Found a transporter.
 35452 | WizLab   | Found a corrupted altar of Lugonu.
 35458 | WizLab   | Found a transporter.
 35465 | WizLab   | Found a transporter.
 35516 | WizLab   | Found a transporter.
 35604 | WizLab   | Found a transporter.
 35604 | WizLab   | Found a transporter.
 35636 | WizLab   | Found a transporter.
 35655 | WizLab   | Got a quavering book
 35674 | WizLab   | Found a transporter.
 35717 | WizLab   | Identified the +0 cloak "Cudafroits" {rElec Str+3 Int+2}
 35720 | WizLab   | Identified the +0 cloak of Sin {+Inv rC- Str+6}
 35856 | WizLab   | Found a transporter.
 35856 | WizLab   | Found a transporter.
 36418 | Vaults:4 | Identified the +1 short sword of Daihoan {heavy, +Blink
                  | rPois rN++ Stlth+}
 36732 | Vaults:3 | Found a staircase to the Crypt.
 36732 | Vaults:3 | Found an ancient bone altar of Kikubaaqudgha.
 36733 | Vaults:3 | Found a basalt altar of Yredelemnul.
 36821 | Vaults:3 | Paralysed by a formless jellyfish for 1 turns
 36943 | Vaults:3 | Found Atwirox's Armour Emporium.
 37228 | Vaults:3 | Reached XP level 21. HP: 184/184 MP: 32/32
 38570 | D:10     | Bought a potion of haste for 220 gold pieces
 38570 | D:10     | Bought a scroll of enchant weapon for 165 gold pieces
 38726 | D:4      | Bought a potion of curing for 42 gold pieces
 38726 | D:4      | Bought a scroll of enchant weapon for 105 gold pieces
 39335 | Elf:1    | Entered Level 1 of the Elven Halls
 39468 | Elf:1    | Noticed Zenata
 39489 | Elf:1    | Killed Zenata
 40029 | Elf:1    | Got a curling book
 40133 | Elf:2    | Paralysed by an air elemental for 1 turns
 40139 | Elf:1    | Paralysed by an air elemental for 1 turns
 40219 | Elf:2    | Found a runed translucent gate.
 40220 | Elf:2    | Found a runed translucent gate.
 40220 | Elf:2    | Found a runed translucent gate.
 40583 | Elf:2    | Found Cummogol's Antique Armour Emporium.
 40583 | Elf:2    | Paralysed by an air elemental for 1 turns
 41541 | Vaults:5 | Entered Level 5 of the Vaults
 41553 | Vaults:4 | Reached XP level 22. HP: 191/195 MP: 26/34
 41600 | Vaults:5 | Noticed a golden dragon
 41634 | Vaults:5 | Reached skill level 15 in Shields
 41642 | Vaults:5 | Noticed a golden dragon
 41649 | Vaults:5 | Killed a golden dragon
 41826 | Vaults:5 | Noticed Boris
 41857 | Vaults:5 | Killed Boris
 42115 | Vaults:5 | Killed a golden dragon
 42288 | Vaults:5 | Noticed a dread lich
 42325 | Vaults:5 | Killed a dread lich
 42511 | Vaults:5 | Identified the +8 battleaxe "Grim" {heavy, Str+7}
 42664 | Vaults:5 | Noticed a golden dragon
 42680 | Vaults:5 | Killed a golden dragon
 42995 | Vaults:5 | Identified the +11 morningstar "Attuezeg" {antimagic, *Slow
                  | rC- Str+3 Int+4}
 42997 | Vaults:5 | Identified the +7 short sword "Vyott" {drain, rF+ rC++
                  | Will+ Dex-5}
 43000 | Vaults:5 | Noticed Mara
 43003 | Vaults:5 | Noticed Gladio's illusion
 43008 | Vaults:5 | Noticed a golden dragon
 43022 | Vaults:5 | Noticed a golden dragon
 43058 | Vaults:5 | Reached XP level 23. HP: 127/205 MP: 24/35
 43062 | Vaults:5 | Noticed Gladio's illusion
 43080 | Vaults:5 | Killed a golden dragon
 43333 | Vaults:5 | Got a silver rune of Zot
 43367 | Vaults:5 | Killed a golden dragon
 43847 | Vaults:5 | Noticed Gladio's illusion
 43903 | Vaults:5 | Noticed Gladio's illusion
 43955 | Vaults:5 | Killed Mara
 44246 | Depths:1 | Entered Level 1 of the Depths
 44268 | Depths:1 | Reached skill level 10 in Armour
 44614 | Depths:1 | Found Needokh's General Store.
 44680 | Depths:1 | Found an ornate altar of the Wu Jian Council.
 44773 | Depths:1 | Found a gateway to Hell.
 44935 | Depths:1 | Found a one-way gate to the infinite horrors of the Abyss.
 45321 | Depths:2 | Noticed Asterion
 45391 | Depths:1 | Killed Asterion
 46620 | Depths:2 | Found a one-way gate leading to the halls of Pandemonium.
 47248 | Depths:3 | Paralysed by a floating eye for 2 turns
 47264 | Depths:3 | Reached XP level 24. HP: 210/215 MP: 36/36
 47292 | Depths:3 | Found Pufotz's Armour Shop.
 47319 | Depths:3 | Found a one-way gateway to a ziggurat.
 47357 | Depths:3 | Identified the +0 chain mail of Isewn {rElec rPois rC-
                  | Dex-4}
 47727 | Depths:3 | Found a glowing golden altar of the Shining One.
 47898 | Depths:4 | Entered Level 4 of the Depths
 47966 | Depths:4 | Reached skill level 15 in Long Blades
 48175 | Depths:4 | Identified the +9 quarterstaff of Chaos {freeze, rF++ rN+++
                  | Dex-5}
 48348 | Depths:4 | Found a transporter.
 48413 | Depths:4 | Noticed a juggernaut
 48422 | Depths:4 | Killed a juggernaut
 48442 | Depths:4 | Killed a ghostly juggernaut
 48626 | Depths:4 | Found a transporter.
 48691 | Depths:4 | Noticed a dread lich
 48699 | Depths:4 | Killed a dread lich
 48730 | Depths:4 | Identified the ring of Xuczomi {Wiz Contam rC+ Dex+8}
 48733 | Depths:4 | Noticed a juggernaut
 48780 | Depths:4 | Killed a juggernaut
 48909 | Depths:4 | Found a broken altar of Ashenzari.
 48949 | Depths:3 | Identified the +6 giant club "Dragonslayer" {heavy, Drain
                  | rF++ rN+ Will+}
 48965 | Depths:4 | Identified the ring of the Gloaming {rN+ Will+++ Str+4
                  | Dex-5 Stlth+}
 49079 | Depths:4 | Identified the +9 ring mail of Ashenzari's Fury {Int+2}
 49088 | Depths:4 | Found a glowing silver altar of Zin.
 49164 | Depths:4 | Identified the ring "Uleask" {Ice rN+ Str+2}
 49256 | Depths:4 | Found a gate to the Realm of Zot.
 49344 | Zot:1    | Entered Level 1 of the Realm of Zot
 50367 | Zot:1    | Found a runed translucent door.
 50367 | Zot:1    | Found a shimmering altar of Xom.
 50368 | Zot:1    | Noticed Adaxemni's ghost (legendary GrFi)
 50899 | Zot:1    | Reached XP level 25. HP: 221/226 MP: 36/36
 51383 | Zot:2    | You fall into a shaft and drop 2 floors!
 53946 | Zot:3    | Reached XP level 26. HP: 235/236 MP: 36/36
 53995 | Zot:4    | Noticed a Killer Klown
 54011 | Zot:4    | Killed a Killer Klown
 54064 | Zot:4    | Identified the ring "Vati" {Ice Str+3}
 54064 | Zot:4    | Noticed Josephina
 54098 | Zot:3    | Killed Josephina
 54254 | Zot:4    | Noticed an orb of fire
 54437 | Zot:4    | Gained mutation: Your magical capacity is low. (-10% MP)
                  | [an orb of fire]
 54438 | Zot:4    | Gained mutation: You are weak. (Str -2) [an orb of fire]
 54450 | Zot:4    | Killed an orb of fire
 56218 | Zot:5    | Entered Level 5 of the Realm of Zot
 56660 | Zot:5    | Reached skill level 27 in Fighting
 56732 | Zot:5    | Noticed a dread lich
 56738 | Zot:5    | Noticed an ancient lich
 56744 | Zot:5    | Noticed an orb of fire
 56750 | Zot:4    | Killed an ancient lich
 56760 | Zot:4    | Killed a dread lich
 56875 | Zot:4    | Gained mutation: You are vulnerable to heat. (rF-) [an orb
                  | of fire]
 56886 | Zot:4    | Killed an orb of fire
 56889 | Zot:4    | Lost mutation: You are weak. (Str -2) [potion of mutation]
 56889 | Zot:4    | Lost mutation: You are partially covered in iridescent
                  | scales. (AC +2) [potion of mutation]
 56889 | Zot:4    | Gained mutation: You are dopey. (Int -2) [potion of
                  | mutation]
 56889 | Zot:4    | Gained mutation: You have hidden genetic potential. [potion
                  | of mutation]
 56890 | Zot:4    | Lost mutation: You have hidden genetic potential. [potion
                  | of mutation]
 56890 | Zot:4    | Lost mutation: Your magical capacity is low. (-10% MP)
                  | [potion of mutation]
 56890 | Zot:4    | Lost mutation: You are dopey. (Int -2) [potion of mutation]
 56890 | Zot:4    | Gained mutation: You are partially covered in iridescent
                  | scales. (AC +2) [potion of mutation]
 56890 | Zot:4    | Gained mutation: A frigid envelope surrounds you and
                  | freezes all who hurt you. [potion of mutation]
 56891 | Zot:4    | Lost mutation: You are partially covered in iridescent
                  | scales. (AC +2) [potion of mutation]
 56891 | Zot:4    | Lost mutation: You are vulnerable to heat. (rF-) [potion of
                  | mutation]
 56891 | Zot:4    | Lost mutation: You have a pair of small horns on your head.
                  | [potion of mutation]
 56891 | Zot:4    | Gained mutation: You are somewhat resistant to further
                  | mutation. [potion of mutation]
 56954 | Zot:5    | Noticed an orb of fire
 56954 | Zot:5    | Noticed an orb of fire
 56967 | Zot:4    | Gained mutation: You are clumsy. (Dex -2) [an orb of fire]
 56972 | Zot:4    | Killed an orb of fire
 56978 | Zot:5    | Noticed an ancient lich
 56980 | Zot:5    | Noticed a Killer Klown
 56991 | Zot:5    | Noticed an ancient lich
 57010 | Zot:4    | Killed an ancient lich
 57100 | Zot:4    | Killed a Killer Klown
 57101 | Zot:4    | Reached XP level 27. HP: 243/249 MP: 37/37
 57175 | Zot:5    | Noticed an ancient lich
 57202 | Zot:4    | Killed an ancient lich
 57208 | Zot:4    | Killed an ancient lich
 57227 | Zot:5    | Noticed a dread lich
 57228 | Zot:5    | Noticed a dread lich
 57230 | Zot:5    | Noticed a dread lich
 57245 | Zot:4    | Killed a dread lich
 57263 | Zot:4    | Killed a dread lich
 57264 | Zot:4    | Reached skill level 27 in Dodging
 57286 | Zot:4    | Killed a dread lich
 57499 | Zot:4    | Lost mutation: You are somewhat resistant to further
                  | mutation. [an orb of fire]
 57508 | Zot:4    | Gained mutation: Your movements are slightly less
                  | encumbered by armour. (ER -2) [an orb of fire]
 57510 | Zot:4    | Gained mutation: You have hidden genetic defects. [an orb
                  | of fire]
 57513 | Zot:4    | Gained mutation: You occasionally shout uncontrollably at
                  | your foes. [an orb of fire]
 57518 | Zot:4    | Gained mutation: You are frail. (-10% HP) [an orb of fire]
 57520 | Zot:4    | Gained mutation: You are dopey. (Int -2) [an orb of fire]
 57520 | Zot:4    | Gained mutation: Your magical capacity is low. (-10% MP)
                  | [an orb of fire]
 57523 | Zot:4    | Killed an orb of fire
 57537 | Zot:4    | Lost mutation: A frigid envelope surrounds you and freezes
                  | all who hurt you. [potion of mutation]
 57537 | Zot:4    | Lost mutation: You are clumsy. (Dex -2) [potion of
                  | mutation]
 57537 | Zot:4    | Lost mutation: You occasionally shout uncontrollably at
                  | your foes. [potion of mutation]
 57538 | Zot:4    | Lost mutation: Your movements are slightly less encumbered
                  | by armour. (ER -2) [potion of mutation]
 57538 | Zot:4    | Lost mutation: You have hidden genetic defects. [potion of
                  | mutation]
 57538 | Zot:4    | Lost mutation: You are highly strong-willed. (Will++)
                  | [potion of mutation]
 57538 | Zot:4    | Gained mutation: Your body sometimes deteriorates upon
                  | taking damage. [potion of mutation]
 57539 | Zot:4    | Lost mutation: You are strong-willed. (Will+) [potion of
                  | mutation]
 57539 | Zot:4    | Lost mutation: Your magical capacity is low. (-10% MP)
                  | [potion of mutation]
 57539 | Zot:4    | Lost mutation: Your body sometimes deteriorates upon taking
                  | damage. [potion of mutation]
 57539 | Zot:4    | Gained mutation: Your flesh is cold resistant. (rC+)
                  | [potion of mutation]
 57539 | Zot:4    | Gained mutation: You are strong-willed. (Will+) [potion of
                  | mutation]
 57540 | Zot:4    | Lost mutation: You are dopey. (Int -2) [potion of mutation]
 57540 | Zot:4    | Lost mutation: You are frail. (-10% HP) [potion of
                  | mutation]
 57540 | Zot:4    | Gained mutation: You occasionally lose the ability to read
                  | scrolls when taking damage. [potion of mutation]
 57540 | Zot:4    | Gained mutation: You occasionally lose the ability to drink
                  | potions when taking damage. [potion of mutation]
 57540 | Zot:4    | Gained mutation: You do not regenerate when monsters are
                  | visible. [potion of mutation]
 57540 | Zot:4    | Gained mutation: You passively dampen the noise of your
                  | surroundings. [potion of mutation]
 57541 | Zot:4    | Lost mutation: You occasionally lose the ability to drink
                  | potions when taking damage. [potion of mutation]
 57541 | Zot:4    | Lost mutation: You are strong-willed. (Will+) [potion of
                  | mutation]
 57541 | Zot:4    | Lost mutation: You do not regenerate when monsters are
                  | visible. [potion of mutation]
 58089 | Zot:5    | Got the Orb of Zot
 58316 | Depths:3 | Noticed Qifeo the pandemonium lord
 58830 | D:$      | Escaped with the Orb!

Illustrated notes

Levels and vault maps discovered:
D:1:      minmay_arrival_glassed_features, layout_loops_cross,
          chequers_ecumenical_altar_simple, minmay_tetromino_s4
D:2:      layout_basic, uniq_sigmund
D:3:      layout_rooms, grunt_temple_overflow_forces_of_nature,
          amcnicky_altar_gilded, mainiacjoe_overflow_two_lobes, serial_shops,
          nicolae_shop_tiny_glass, uniq_robin
D:4:      layout_loops_ring, serial_shops, shop, nicolae_inconvenience_store,
          shop, nicolae_shop_drivethru, kennysheep_mini_moat,
          minmay_increasing_density, uniq_menkaure
D:5:      layout_basic, xom_confusion_cloud,
          nicolae_uskayaw_murder_on_the_dancefloor, minivault_4
D:6:      layout_gridville, temple_statues
D:7:      erik_cavepeople, layout_basic, zin_academy, uniq_pikel,
          uniq_prince_ribbit1
D:8:      layout_basic, led_sif_book, chequers_serial_rivers_micro_c,
          kennysheep_small_square, uniq_joseph
D:9:      layout_irregular_city, hellmonk_lair_entry_icy, uniq_gastronok
D:10:     layout_gridville, vehumet_statue, serial_shops, shop
D:11:     layout_irregular_city, nicolae_two_hexagons
D:12:     layout_basic, hiddenorc1_lemuel
D:13:     layout_small_grid, david_vaults_2, gammafunk_ghost_nasty_kobolds,
          serial_bayou_lagoon_a, hangedman_cracks_in_the_wall
D:14:     layout_rooms, serial_ice, serial_ice_g, serial_ice_d, serial_ice_e,
          serial_ice_m, portal_ice_cave_entry_pillars_1, nrook_mini_backslash,
          minmay_misc_feat_pillars
D:15:     gammafunk_depths_entry_grave, layout_stronghold,
          hangedman_abyss_or_decor_lesser_grid
Lair:1:   layout_regular_city, infiniplex_staircase_pool_2
Lair:2:   layout_gridlike
Lair:3:   layout_loops_ring, alex1729_swamp_entry_worm_eleionoma,
          minmay_snake_entry_guardpost_small, chequers_serial_rivers_micro_e,
          serial_bayou_shore_a, grunt_megastairs_2
Lair:4:   nzn_winding_woodlands_stair_trap
          [nzn_winding_woodlands_5x15_lazy_stream,
          nzn_winding_woodlands_5x15_parted, nzn_winding_woodlands_5x15_default,
          nzn_winding_woodlands_15x15_killbox, nzn_winding_woodlands_5x15_twine,
          nzn_winding_woodlands_5x15_river_crossing,
          nzn_winding_woodlands_5x15_pool], layout_long_grid,
          nicolae_slime_entry_field_trip, nicolae_volcano_entry_lava_flow,
          dreamdust_mushroom_princess
Lair:5:   minmay_lair_end_frog_pond, layout_misc_corridors
Swamp:1:  layout_basic_swamp, nicolae_swamp_tree_isthmus
Swamp:2:  layout_basic_swamp, nicolae_swamp_ascending_descending
Swamp:3:  nicolae_swamp_wrong_neighborhood, layout_falls_marsh,
          nicolae_swamp_bean_lake, infiniplex_staircase_pool
Swamp:4:  swamp_basic_johnstein, layout_basic_swamp, swamp_pool5,
          nicolae_swamp_wisp_ring_woods
Snake:1:  layout_rooms, serial_shops, nicolae_shop_window_shopping
Snake:2:  layout_concentric_octagons, nicolae_snake_gridmaze_big_u,
          uniq_roxanne, uniq_saint_roka
Snake:3:  layout_grid_shapes, basic_altar, nicolae_snake_snake_lake,
          minmay_shop_star, uniq_bai_suzhen, uniq_nikola, uniq_aizul
Snake:4:  grunt_snake_rune_serpentine_throne, layout_cave_town
Orc:1:    layout_caves, basic_altar, hangedman_minor_magic
Orc:2:    grunt_orc_community_town_hall, layout_caves,
          grunt_orc_community_big_house_2, grunt_orc_community_big_house_1,
          grunt_orc_community_house_2, grunt_orc_community_house_1,
          grunt_orc_community_house_1, grunt_orc_community_house_2,
          grunt_orc_community_house_2, grunt_orc_community_house_1, basic_altar
Elf:1:    layout_loops_ring, evilmike_minifort, uniq_zenata
Elf:2:    nicolae_elf_blades_crystal_corner, layout_gridlike, serial_shops, shop
Vaults:1: nicolae_vaults_trapezoid_2, minmay_guarded_unrand_guard_vaults,
          nicolae_vaults_closet_pinwheel_5, hangedman_vaults_locks,
          nicolae_vaults_network_quinsquares
          [nicolae_vaults_network_quincunx_subvault,
          nicolae_vaults_network_quincunx_subvault,
          nicolae_vaults_network_quincunx_subvault,
          nicolae_vaults_network_quincunx_subvault],
          nicolae_vaults_ellipses_ellipsis, nicolae_vaults_more_shelving_1,
          nicolae_vaults_shelves_hall, nicolae_vaults_little_squares_3,
          vaults_room_fours, ontoclasm_vaults_fault, vaults_dpeg_encased_lava,
          layout_vaults_omnicross
Vaults:2: nicolae_vaults_offset_grid_hallway_1, vaults_room_fancy_cross,
          ontoclasm_vaults_pinch, nicolae_vaults_ring_of_whatevers,
          nicolae_vaults_little_squares_1, nicolae_vaults_oval_intersection,
          nicolae_vaults_house_2, v_misc_11, v_pattern_4,
          nicolae_vaults_surprise_closet, nicolae_vaults_mini_display_case,
          layout_vaults_omnigrid
Vaults:3: minmay_crypt_entry_necro_gods, v_alt_pattern_4, vaults_mumra_hexcomb,
          nicolae_vaults_closet_pinwheel_1, nicolae_vaults_network_barrier,
          hangedman_vaults_slither, ontoclasm_vaults_bender,
          nicolae_vaults_closet_pinwheel_5,
          nicolae_vaults_taking_the_gang_shopping,
          nicolae_vaults_trapezoid_lopsided_1, ontoclasm_vaults_ring_square,
          vaults_dpeg_ring, nicolae_vaults_diamond_1, layout_vaults_maze_snakey
Vaults:4: mu_enter_wizlab_3, nicolae_vaults_surprise_closet,
          ontoclasm_vaults_misaligned, nicolae_vaults_six-pack,
          vaults_mumra_minichess, nicolae_vaults_tetromino_T_2,
          nicolae_vaults_weapon_check, nicolae_vaults_trapezoid_lopsided_1,
          nicolae_vaults_house_2, ontoclasm_vaults_loading_screen,
          nicolae_vaults_cochlea, layout_vaults_chaotic_city
Vaults:5: uniq_boris, uniq_mara
Depths:1: layout_basic, skrybe_limestone_x, serial_shops,
          nicolae_shop_hallway_stairs, abyss_entry_glasseish, lightli_too_deep,
          nicolae_kite_square_tiling_tiny, hangedman_abyss_or_decor_clamps,
          nicolae_wu_jian_wuxing_cycle
Depths:2: minmay_the_grid_plus_closed [minmay_the_grid_artifice,
          minmay_the_grid_square_x, minmay_the_grid_x, minmay_the_grid_fan,
          minmay_the_grid_prize_big_room], layout_basic,
          grunt_pan_entry_sceptre, grunt_hell_entry_dis_grunt,
          minmay_staircase_statues, uniq_asterion
Depths:3: grunt_twist_and_shout, layout_gridlike, enter_ziggurat_b,
          serial_shops, shop, abyss_entry, minmay_misc_feat_alley,
          pf_hell_entry_tar_spiral, tso_oasis_becter, firewood_loft
Depths:4: hangedman_spin_cycle, abyss_entry, hell_entry
Zot:1:    layout_cellular_growth, ebering_ghost_xom
Zot:2:    cheibrodos_zot_enchanting_chambers, layout_misc_corridors,
          hangedman_zot_decor_scrapings
Zot:3:    lemuel_draconian_sentries_small, layout_gridlike
Zot:4:    kennysheep_room_grid, layout_cathedral_of_symmetry,
          grunt_megastairs_1, uniq_josephina
Zot:5:    layout_misc_corridors

Skill      XL: |  1  2  3  4  5  6  7  8  9 10 11 12 13 14 15 16 17 18 19 20 21 22 23 24 25 26 27 |
---------------+----------------------------------------------------------------------------------+-----
Long Blades    | 4 6 7 8 9 11 12 13 14 16 | 16.0
Fighting       | 3 4 5 6 7 8 9 10 11 13 14 16 17 18 19 20 21 22 23 24 26 27 | 27.0
Dodging        | 5 6 7 8 9 11 12 14 15 17 18 19 20 21 22 23 24 25 26 27 | 27.0
Invocations    | 1 2 4 5 6 7 9 10 11 12 13 14 15 16 17 18 20 21 | 21.3
Armour         | 1 3 4 5 6 7 8 9 10 11 12 | 12.0
Shields        | 1 3 5 6 8 9 10 11 12 13 14 15 16 17 19 20 | 20.2
Throwing       | 3 5 7 8 9 10 11 12 13 14 | 14.5

Action                     |  1- 3 |  4- 6 |  7- 9 | 10-12 | 13-15 | 16-18 | 19-21 | 22-24 | 25-27 || total
---------------------------+-------+-------+-------+-------+-------+-------+-------+-------+-------++-------
  Melee: Long sword        |   104 |   121 |   338 |   797 |   728 |       |       |       |       ||  2088
         Punch             |     1 |     1 |     1 |       |       |       |       |       |       ||     3
         Tailslap          |       |       |     1 |    10 |    20 |    39 |    12 |    19 |    23 ||   124
         Great sword       |       |       |       |       |    16 |       |       |       |       ||    16
         Scimitar          |       |       |       |       |   751 |  1300 |  1636 |   672 |       ||  4359
         Headbutt          |       |       |       |       |   108 |   383 |   593 |   759 |   421 ||  2264
         Demon blade       |       |       |       |       |       |       |       |  1249 |  1574 ||  2823
  Throw: Throwing net      |       |     1 |       |       |       |       |       |       |       ||     1
         Javelin           |       |       |       |       |    21 |     1 |       |     6 |     9 ||    37
 Invoke: Upheaval          |       |       |     1 |     4 |     9 |    14 |    14 |    24 |     6 ||    72
         Elemental Force   |       |       |       |       |     1 |     4 |       |       |     2 ||     7
         Disaster Area     |       |       |       |       |     2 |     3 |     3 |     5 |     7 ||    20
  Evoke: Wand              |       |       |     3 |     7 |     1 |       |     1 |       |     7 ||    19
         Phantom mirror    |       |       |       |       |       |       |       |     1 |       ||     1
    Use: Scroll            |       |     5 |     1 |     6 |    11 |    10 |     2 |    19 |    11 ||    65
         Potion            |       |       |     1 |     4 |     8 |       |     4 |     6 |    18 ||    41
   Stab: Sleeping          |     1 |       |       |       |       |       |       |       |       ||     1
         Held in net/web   |       |     1 |       |       |       |       |       |       |       ||     1
         Paralysed         |       |       |       |     7 |       |     3 |       |       |     3 ||    13
         Distracted        |       |       |       |       |     1 |     1 |       |     1 |       ||     3
         Confused          |       |       |       |       |     2 |     1 |       |       |     1 ||     4
         Invisible         |       |       |       |       |       |       |       |       |     2 ||     2
 Armour: Ring mail         |    65 |    73 |   113 |       |   184 |   432 |   457 |   322 |   524 ||  2170
         Leather armour    |     3 |       |       |       |   161 |       |       |       |       ||   164
         Robe              |       |       |    31 |   180 |    50 |       |       |       |       ||   261
         Swamp dragon scal |       |       |       |       |       |       |       |   268 |       ||   268
  Dodge: Dodged            |    69 |    80 |   200 |   288 |   616 |   743 |   796 |   948 |   973 ||  4713
         Repelled          |       |       |       |     2 |     9 |    45 |    16 |    57 |    56 ||   185
  Block: Other             |       |       |    10 |       |    13 |       |       |       |       ||    23
         Kite shield       |       |       |    19 |   533 |  1354 |   242 |       |       |       ||  2148
         Reflection        |       |       |       |    12 |    57 |    18 |       |       |       ||    87
         Tower shield      |       |       |       |       |       |  1506 |  2447 |  2572 |  2223 ||  8748

Table legend: (Time is in decaauts)
 A = Elapsed time spent in this place.
 B = Non-inter-level travel time spent in this place.
 C = Inter-level travel time spent in this place.
 D = Time resting spent in this place.
 E = Time spent auto-exploring this place.
 F = Levels seen in this place.
 G = Mean time per level.
                   A        B        C        D        E       F      G
               +--------+--------+--------+--------+--------+-----+--------+
         Total |  57224 |  48496 |   8728 |   1791 |  32102 |  48 | 1192.2 |
       Dungeon |  15658 |  13059 |   2599 |     89 |  10152 |  15 | 1043.9 |
          Lair |   7139 |   6247 |    892 |    232 |   4344 |   5 | 1427.8 |
         Swamp |   2623 |   2252 |    371 |    235 |   1154 |   4 |  655.8 |
     Snake Pit |   3951 |   3598 |    353 |     37 |   2426 |   4 |  987.8 |
  Orcish Mines |   1904 |   1551 |    353 |      0 |   1031 |   2 |  952.0 |
   Elven Halls |   1929 |   1792 |    137 |      3 |   1173 |   2 |  964.5 |
        Vaults |   8725 |   6535 |   2190 |    235 |   4149 |   5 | 1745.0 |
        Depths |   5167 |   4383 |    784 |     85 |   2963 |   4 | 1291.8 |
           Zot |   7955 |   6908 |   1047 |    728 |   3865 |   5 | 1591.0 |
       Volcano |    915 |    915 |      0 |    147 |    428 |   1 |  915.0 |
        Wizlab |   1255 |   1255 |      0 |      0 |    414 |   1 | 1255.0 |
               +--------+--------+--------+--------+--------+-----+--------+

Top non-repeatable levels by time:
   Zot:4: 2928 daAuts
  Lair:4: 2482 daAuts
Vaults:5: 2328 daAuts
Vaults:1: 1869 daAuts
    D:13: 1672 daAuts
  Lair:3: 1619 daAuts
Vaults:2: 1595 daAuts
   Zot:3: 1575 daAuts
Depths:2: 1509 daAuts
Vaults:3: 1500 daAuts
Vaults:4: 1432 daAuts
Depths:4: 1333 daAuts
     D:4: 1329 daAuts
     D:7: 1307 daAuts
   Zot:1: 1295 daAuts
